 Dungeon Crawl Stone Soup version 0.20.1-1-g8b1a95d (webtiles) character file.

329726 Jazqa the Champion of Chaos (level 20, -4/201 HPs)
             Began as a Deep Dwarf Fighter on Oct 28, 2017.
             Was the Champion of Makhleb.
             Slain by a tengu reaver
             ... wielding a +0 war axe
              (16 damage)
             ... on level 5 of the Vaults.
             The game lasted 02:21:12 (40281 turns).

Jazqa the Champion of Chaos (Deep Dwarf Fighter)   Turns: 40281, Time: 02:21:12

Health: -4/201     AC: 32    Str: 23    XL:     20   Next: 83%
Magic:  9/9        EV: 21    Int: 11    God:    Makhleb [******]
Gold:   2040       SH:  7    Dex: 20    Spells: 19/19 levels left

rFire    + + .     SeeInvis .   k - +2 eveningstar (vamp)
rCold    + . .     Gourm    .   K - +0 buckler of Rugyrian {rPois MR+ Str+2}
rNeg     + . .     Faith    +   t - +3 chain mail {rF+}
rPois    +         Spirit   .   w - +0 helmet
rElec    .         Reflect  .   U - +2 cloak {MR+}
rCorr    .         Harm     .   G - +2 pair of gloves
MR       +++++                  Y - +2 pair of boots {run}
Stlth    ..........             H - amulet of faith {!P}
Regen    0.0/turn               F - ring of protection from fire
MPRegen  0.2/turn               C - ring of protection from cold

@: lethally poisoned (-4 -> -4), about to teleport, non-regenerating, hasted,
very quick
A: damage resistance, heal wounds, iridescent scales 1, agile 1, deterioration
1, negative energy resistance 1, sense surroundings 3, poison resistance, no
regeneration
}: 2/15 runes: serpentine, barnacled
a: Heal Wounds, Minor Destruction, Lesser Servant of Makhleb, Major Destruction,
Greater Servant of Makhleb, Renounce Religion


You were on level 5 of the Vaults.
You worshipped Makhleb.
Makhleb was exalted by your worship.
You were near starving.

You visited 7 branches of the dungeon, and saw 35 of its levels.
You also visited: Ossuary and Volcano.

You collected 3530 gold pieces.
You spent 1490 gold pieces at shops.


Innate Abilities, Weirdness & Mutations

You are resistant to damage.
You can heal yourself by infusing magical energy.
You resist negative energy. (rN+)
You passively map a large area around you.
You do not regenerate.
You are partially covered in iridescent scales. (AC +2)
You are agile. (Dex +2)
Your body sometimes deteriorates upon taking damage.
Your system is resistant to poisons. (rPois)


   Skills:
 + Level 17.0 Fighting
   Level 5.0(13.0) Axes
 - Level 16.7(16.9) Maces & Flails
 + Level 17.5 Armour
 + Level 17.4 Dodging
 - Level 8.0 Shields
 - Level 18.3 Invocations
 - Level 8.0 Evocations


You had 19 spell levels left.
You didn't know any spells.

Inventory:

Hand Weapons
 k - a +2 vampiric eveningstar (weapon)
Missiles
 J - 9 throwing nets (quivered) {=f}
Armour
 t - a +3 chain mail of fire resistance (worn)
 w - a +0 helmet (worn)
 G - a +2 pair of gloves (worn)
 K - the +0 buckler of Rugyrian (worn) {rPois MR+ Str+2}
   (You found it on level 11 of the Dungeon)

   It affects your strength (+2).
   It protects you from poison.
   It affects your resistance to hostile enchantments.
 U - a +2 cloak of magic resistance (worn)
 Y - a +2 pair of boots of running (worn)
Jewellery
 C - a ring of protection from cold (right hand)
 F - a ring of protection from fire (left hand)
 H - an amulet of faith (around neck) {!P}
 L - an uncursed ring of flight
 N - an uncursed ring of protection from fire
 R - an uncursed ring of resist corrosion
Wands
 d - a wand of enslavement (19/24)
 x - a wand of confusion (26/48)
 y - a wand of paralysis (12/24)
 D - a wand of acid (7/15)
 M - a wand of lightning (12/15)
 T - a wand of acid (7/15)
 X - a wand of digging (18/24)
Scrolls
 a - 5 scrolls of magic mapping
 e - 10 scrolls of teleportation {@r4}
 j - a scroll of enchant armour
 l - a scroll of summoning
 n - 15 scrolls of remove curse {@r2}
 p - 7 scrolls of blinking
 r - a scroll of identify {@r1}
 s - a scroll of recharging
 Q - 2 scrolls of fear
Potions
 i - 9 potions of lignification {!q}
 o - 3 potions of ambrosia
 q - 5 potions of resistance
 v - 3 potions of mutation {!q}
 z - 3 potions of flight
 A - 2 potions of agility
 O - a potion of berserk rage {!q}
 P - 2 potions of might
 W - 7 potions of curing {@q1}
Miscellaneous
 c - a box of beasts
 m - a fan of gales
 E - a lamp of fire
Comestibles
 b - 13 bread rations {@e1}
 f - 11 chunks of flesh
 g - 23 royal jellies {@e3}
 h - 37 fruits {@e2}
 u - 12 meat rations {@e1}

Dungeon Overview and Level Annotations

Branches:
Dungeon (13/15)            Temple (1/1) D:7            Lair (6/6) D:10
 Shoals (4/4) Lair:3        Snake (4/4) Lair:4        Slime (0/5) Lair:5
    Orc (2/2) D:12            Elf (0/3) Orc:2        Vaults (5/5) D:13
  Crypt (0/3) Vaults:3

Altars:
Ashenzari
Cheibriados
Dithmenos
Elyvilon
Fedhas
Gozag
Hepliaklqana
Kikubaaqudgha
Makhleb
Nemelex Xobeh
Okawaru
Qazlal
Ru
Sif Muna
Trog
Uskayaw
Vehumet
Xom
Yredelemnul
Zin
The Shining One
Beogh

Shops:
D:6 *   D:9 *   Orc:2 (([*   Shoals:2 (   Shoals:3 [   Snake:2 :   Snake:3 [
Snake:4 (   Vaults:3 }

Annotations:
Lair:2 Frank's ghost, journeyman OpFi
Lair:3 exclusion: oklob plant
Shoals:1 exclusion: ice statue
Shoals:3 Ilsuiw

* , , ,, + + , ,
.... ▓....▓ , , ,
,, .... ▓....▓ ,
, , , ...▓▓▓....▓
,. , , ,,
*▓........▓▓'., ,
* ▓..........▓*
** * * **
▓▓▓▓.✱QHcpc...▓▓
** ,, ,
......5CCcc.....,
,, , ,
......5c@3c<....
,, , ,
......4Qe1c.....
, ,
,......✱QD4W.....
, , * *
▓▓▓▓▓▓.DD.....▓▓
* * ,* , ,, **4
..........▓ , , ,
* ...▓....▓..▓, *
, c...▓....▓▓..,
, ,, ,,
.....▓....▓ ▓. *
, ....▓▓ ....▓* ,
,


You could see 2 iron dragons, a storm dragon, 2 fire giants, 3 tengu reavers, 3
yaktaur captains, an Executioner, a deep elf demonologist, a vault sentinel, a
phantasmal warrior, 5 yaktaurs, a hippogriff shaped shifter, a neqoxec, 2 red
devils, 2 battlespheres, a white imp and an ufetubus.


Message History

The Executioner hits you but does no damage.
The tengu reaver hits you but does no damage.
The tengu reaver pecks you but does no damage.
The tengu reaver claws you but does no damage.
The fire giant hits you but does no damage.
The neqoxec misses you. The Executioner gestures at you.
You resist with almost no effort.
The red devil hits you from afar with a demon trident of venom!
* * * LOW HITPOINT WARNING * * *
The red devil closely misses you.
You impale the deep elf demonologist!!
The deep elf demonologist is heavily wounded.
The Executioner hits you but does no damage. x2
You block the Executioner's attack. The yaktaur captain hits you!
* * * LOW HITPOINT WARNING * * *
The deep elf demonologist hits you but does no damage.
The yaktaur captain hits you but does no damage.
Unknown command.
You hit the deep elf demonologist but do no damage.
The deep elf demonologist is heavily wounded.
The Executioner hits you!
* * * LOW HITPOINT WARNING * * *
You block the Executioner's attack. The Executioner closely misses you.
The fire giant completely misses you. The neqoxec barely misses you.
The tengu reaver hits you but does no damage.
The yaktaur captain hits you!!
* * * LOW HITPOINT WARNING * * *
The tengu reaver hits you with a war axe!!
You die...

Skill      XL: |  1  2  3  4  5  6  7  8  9 10 11 12 13 14 15 16 17 18 19 20 |
---------------+-------------------------------------------------------------+-----
Fighting       | 3 4 5 6 7 8 9 10 11 12 13 14 15 16 17 | 17.0
Axes           | 3 4 5 |  5.0
Maces & Flails | 2 4 6 7 8 9 10 12 13 14 15 16 | 16.7
Dodging        | 1 4 5 7 9 10 12 13 14 15 16 17 | 17.4
Armour         | 4 5 7 8 10 11 12 13 15 16 17 | 17.5
Shields        | 5 7 8 |  8.0
Invocations    | 4 7 10 12 13 15 16 17 18 | 18.3
Evocations     | 5 8 |  8.0

Action                   |  1- 3 |  4- 6 |  7- 9 | 10-12 | 13-15 | 16-18 | 19-21 || total
-------------------------+-------+-------+-------+-------+-------+-------+-------++-------
Melee: War axe           |    93 |   126 |       |       |       |       |       ||   219
       Flail             |       |    79 |   560 |  1325 |  3150 |   930 |       ||  6044
       Eveningstar       |       |       |       |       |       |  1899 |  1768 ||  3667
Invok: Minor Destruction |       |       |       |   136 |   204 |   163 |     6 ||   509
       Lesser Servant of |       |       |       |     4 |    20 |     8 |     1 ||    33
       Major Destruction |       |       |       |     1 |       |     1 |       ||     2
       Greater Servant o |       |       |       |       |     3 |     2 |     5 ||    10
 Abil: Heal Wounds       |       |     1 |    13 |     8 |    39 |    18 |    15 ||    94
Evoke: Wand              |       |       |       |       |    15 |     2 |     2 ||    19
       Phantom mirror    |       |       |       |       |     1 |       |       ||     1
       Lamp of fire      |       |       |       |       |       |     1 |     2 ||     3
       Box of beasts     |       |       |       |       |       |       |     1 ||     1
  Use: Scroll            |     3 |     3 |     9 |     6 |    13 |     8 |     8 ||    50
       Potion            |       |       |     5 |     6 |    13 |       |     2 ||    26
 Stab: Distracted        |       |       |       |       |    10 |     2 |     3 ||    15
  Eat: Chunk             |       |     8 |     9 |    18 |    40 |    32 |    18 ||   125
       Royal jelly       |       |       |     1 |     1 |     4 |     3 |       ||     9
       Fruit             |       |       |       |       |       |     5 |       ||     5
Armor: Scale mail        |    61 |    92 |   260 |   246 |       |       |       ||   659
       Chain mail        |       |       |       |   520 |  1487 |  1381 |   915 ||  4303
Dodge: Dodged            |    27 |    50 |   155 |   638 |  1696 |  2014 |  1337 ||  5917
Block: Shield            |    55 |   106 |   270 |   849 |   549 |       |       ||  1829
       Buckler           |       |       |       |       |   683 |   910 |   587 ||  2180

Vault maps used:
D:1:      dpeg_arrival_water_temple_mockup, serial_park_tiny_1,
          minmay_misc_feat_x
D:2:      uniq_natasha
D:4:      first_bread, minivault_19, grunt_decor_cap, corexii_hall_statues_u
D:5:      basic_altar
D:6:      lightli_ossuary_entry_decrepit_ruins, serial_shops, shop,
          serial_park_tiny_2, fedhas_altar_4, uniq_menkaure,
          uniq_crazy_yiuf_cottage
D:7:      minitemple, minmay_temple_entry_glass
D:8:      david_nohive_1
D:9:      nemelex_xobeh_ov_fountains_minmay, serial_shops, kennysheep_mini_moat
D:10:     david_lair_generic, basic_altar, uniq_josephine
D:11:     basic_altar
D:12:     zombieorc2_lemuel, basic_altar
D:13:     grunt_vaults_entry_fortified
Temple:   hc_temple_tempest_star
Lair:1:   beast_lair_carwin_large_2, infiniplex_staircase_pool
Lair:2:   uniq_urug
Lair:3:   minmay_shoals_entry_beasts, minmay_lair_oklob_chamber
Lair:4:   minmay_snake_entry_six_corridors, special_room, beast_lair_carwin_3
Lair:5:   slime_dummy, enter_volcano_2
Lair:6:   due_jungle_book
Shoals:1: cheibrodos_shoals_roost, portal_ice_cave_entry_ice_statue_one
Shoals:2: serial_shops, shop, nicolae_shoals_flooded_hall
Shoals:3: serial_shops, shop
Shoals:4: shoals_end_grunt_garden, shoal_ilsuiw
Snake:1:  abandoned_shop, uniq_roxanne
Snake:2:  serial_shops, shop
Snake:3:  nicolae_snake_nest, serial_shops, shop, grunt_ministairs_15,
          st_stairs_2, stair_cage_open
Snake:4:  snake_pit_salamanders_mu, serial_shops, shop, stair_cage_cross,
          nicolae_snake_shapes, lemuel_fruit_tree
Orc:1:    basic_altar
Orc:2:    grunt_orc_community_town_hall, grunt_orc_community_big_house_2,
          grunt_orc_community_big_house_1, grunt_orc_community_house_3,
          grunt_orc_community_house_2, grunt_orc_community_house_3,
          grunt_orc_community_house_1, grunt_orc_community_house_1, basic_altar
Vaults:1: hangedman_vaults_nails, nicolae_vaults_twisting_passages,
          grunt_vaults_focal, nicolae_vaults_ninety_degrees,
          ontoclasm_vaults_chip, v_misc_31, vaults_room_semicircle, st_cells,
          vaults_room_fours, vaults_dpeg_hooks
Vaults:2: vaults_mumra_minichess, nicolae_vaults_hallways_thing, v_misc_23,
          v_pattern_1, dpeg_vaults_monster_row, v_misc_4,
          nicolae_vaults_ring_of_whatevers, st_more_cells, mu_enter_wizlab_6
Vaults:3: nicolae_vaults_back_hallway, vaults_room_octagon,
          vaults_dpeg_encased_lava, v_misc_28, minmay_crypt_entry_vampire_xt,
          ontoclasm_vaults_ligature, ontoclasm_vaults_misaligned,
          nicolae_vaults_mini_display_case, v_misc_1, v_alt_pattern_1,
          vaults_dpeg_ring, vaults_room_octagon, serial_shops, shop
Vaults:4: kb_rosetta, vaults_mumra_lcd, nicolae_vaults_diagonal_hallway_8,
          hangedman_vaults_stretched_pinwheel, v_misc_30, v_misc_9,
          v_alt_pattern_6, v_rooms_6, vaults_room_corners, nicolae_vaults_theta,
          nicolae_vaults_diagonal_hallway_8, uniq_saint_roka
Vaults:5: serial_shops
Ossuary:  ossuary_zaba_flooded
Volcano:  volcano_lake

Notes
Turn   | Place    | Note
-------+----------+-------------------------------------------
     0 | D:1      | Jazqa the Deep Dwarf Fighter began the quest for the Orb.
     0 | D:1      | Reached XP level 1. HP: 20/20 MP: 1/1
   134 | D:1      | Reached skill level 3 in Fighting
   136 | D:1      | Reached XP level 2. HP: 28/28 MP: 2/2
   326 | D:1      | Reached XP level 3. HP: 27/34 MP: 3/3
   348 | D:1      | Reached skill level 3 in Axes
   581 | D:2      | Noticed Natasha
   588 | D:2      | Killed Natasha
   748 | D:2      | Reached XP level 4. HP: 32/44 MP: 4/4
  1034 | D:2      | Noticed Natasha
  1037 | D:2      | Killed Natasha
  1037 | D:2      | Reached skill level 4 in Fighting
  1196 | D:2      | Noticed Natasha
  1202 | D:2      | Killed Natasha
  1202 | D:2      | Reached skill level 4 in Axes
  1305 | D:3      | Reached XP level 5. HP: 23/50 MP: 5/5
  2201 | D:4      | Reached skill level 5 in Axes
  2513 | D:4      | Reached XP level 6. HP: 40/58 MP: 6/6
  2740 | D:5      | Entered Level 5 of the Dungeon
  2750 | D:5      | Reached skill level 1 in Maces & Flails
  2793 | D:5      | Reached skill level 5 in Fighting
  2862 | D:5      | Reached skill level 2 in Maces & Flails
  3066 | D:5      | Found a blossoming altar of Fedhas.
  3411 | D:6      | Reached XP level 7. HP: 29/67 MP: 7/7
  3426 | D:6      | Reached skill level 3 in Maces & Flails
  3449 | D:6      | Found Qemm's Assorted Antiques.
  3475 | D:6      | Noticed Menkaure
  3481 | D:6      | Killed Menkaure
  3481 | D:6      | Reached skill level 6 in Fighting
  3527 | D:6      | Reached skill level 4 in Maces & Flails
  3554 | D:6      | Found a sand-covered staircase.
  3590 | Ossuary  | Entered an ossuary
  3631 | Ossuary  | Reached XP level 8. HP: 17/78 MP: 8/8
  3645 | Ossuary  | HP: 7/78 [mummy (10)]
  3650 | Ossuary  | Reached skill level 5 in Maces & Flails
  3687 | Ossuary  | Reached skill level 7 in Fighting
  3719 | Ossuary  | Identified 2 potions of resistance
  3795 | Ossuary  | Reached skill level 6 in Maces & Flails
  4052 | D:6      | Found a runed door.
  4086 | D:6      | Found a blossoming altar of Fedhas.
  4352 | D:6      | Reached skill level 1 in Dodging
  4527 | D:6      | Reached skill level 4 in Armour
  4543 | D:6      | Noticed Crazy Yiuf
  4547 | D:6      | HP: 8/81 [Crazy Yiuf/quarterstaff of chaos (6)]
  4548 | D:6      | Killed Crazy Yiuf
  4627 | D:6      | Gained mutation: You passively map the area around you. [Deep Dwarf growth]
  4627 | D:6      | Reached XP level 9. HP: 45/88 MP: 7/7
  4753 | D:6      | Reached skill level 4 in Shields
  4830 | D:7      | Found a staircase to the Ecumenical Temple.
  4840 | Temple   | Entered the Ecumenical Temple
  4958 | Temple   | Became a worshipper of Makhleb the Destroyer
  5168 | D:7      | Reached skill level 2 in Dodging
  5189 | D:7      | Reached skill level 8 in Fighting
  5287 | D:7      | Found a glowing silver altar of Zin.
  5291 | D:7      | Found a shattered altar of Ashenzari.
  5292 | D:7      | Found a radiant altar of Vehumet.
  5293 | D:7      | Found an ancient bone altar of Kikubaaqudgha.
  5293 | D:7      | Found an iron altar of Okawaru.
  5293 | D:7      | Found a hide-covered altar of Uskayaw.
  5297 | D:7      | Found a sacrificial altar of Ru.
  5300 | D:7      | Found a blossoming altar of Fedhas.
  5377 | D:7      | Reached skill level 7 in Maces & Flails
  5737 | D:7      | Reached skill level 5 in Armour
  5866 | D:8      | Reached * piety under Makhleb
  5917 | D:8      | Reached skill level 3 in Dodging
  5969 | D:8      | Reached skill level 5 in Shields
  6096 | D:8      | Reached skill level 4 in Dodging
  6101 | D:8      | Reached ** piety under Makhleb
  6202 | D:8      | Identified a scroll of acquirement
  6218 | D:8      | Reached XP level 10. HP: 38/98 MP: 7/7
  6246 | D:8      | Noticed a two-headed ogre
  6263 | D:8      | Killed a two-headed ogre
  6263 | D:8      | Reached skill level 6 in Armour
  6263 | D:8      | Reached skill level 2 in Invocations
  6370 | D:8      | Reached skill level 6 in Shields
  6631 | D:9      | Reached skill level 8 in Maces & Flails
  6708 | D:9      | Found a sparkling altar of Nemelex Xobeh.
  6714 | D:9      | Reached *** piety under Makhleb
  6955 | D:9      | Reached skill level 3 in Invocations
  7008 | D:9      | Found Velui's General Store.
  7011 | D:9      | Bought a scroll of magic mapping for 59 gold pieces
  7011 | D:9      | Bought a potion of brilliance for 68 gold pieces
  7011 | D:9      | Bought a +3 ring of protection for 357 gold pieces
  7141 | D:10     | Entered Level 10 of the Dungeon
  7221 | D:10     | Found a staircase to the Lair.
  7221 | D:10     | Noticed an elephant
  7244 | D:10     | Killed an elephant
  7244 | D:10     | Reached skill level 5 in Dodging
  7266 | D:10     | Reached skill level 9 in Fighting
  7309 | D:10     | Found a snail-covered altar of Cheibriados.
  7357 | D:10     | Noticed Josephine
  7386 | D:10     | Killed Josephine
  7386 | D:10     | Reached skill level 7 in Armour
  7386 | D:10     | Reached skill level 7 in Shields
  7386 | D:10     | Reached skill level 4 in Invocations
  7425 | D:10     | Reached XP level 11. HP: 55/106 MP: 9/9
  7800 | Lair:1   | Entered Level 1 of the Lair of Beasts
  7880 | D:10     | Reached skill level 6 in Dodging
  7880 | D:10     | Reached skill level 5 in Invocations
  8057 | Lair:1   | Reached **** piety under Makhleb
  8201 | Lair:1   | Reached skill level 9 in Maces & Flails
  8214 | Lair:1   | Reached skill level 6 in Invocations
  8306 | Lair:1   | Noticed a four-headed hydra
  8333 | Lair:1   | Killed a four-headed hydra
  8333 | Lair:1   | Reached skill level 8 in Armour
  8456 | Lair:1   | Reached skill level 8 in Shields
  8786 | Lair:1   | Reached skill level 7 in Dodging
  8955 | Lair:1   | Reached skill level 7 in Invocations
  9160 | Lair:2   | Noticed Urug
  9174 | Lair:2   | Killed Urug
  9174 | Lair:2   | Reached skill level 10 in Fighting
  9202 | Lair:2   | Noticed Frank's ghost (journeyman OpFi)
  9465 | Lair:2   | Reached XP level 12. HP: 116/116 MP: 12/12
  9991 | Lair:3   | Found a staircase to the Shoals.
 10017 | Lair:3   | Reached skill level 8 in Invocations
 10068 | Lair:3   | Reached ***** piety under Makhleb
 10138 | Lair:3   | Reached skill level 8 in Dodging
 10161 | Lair:3   | Noticed a six-headed hydra
 10183 | Lair:3   | Killed a six-headed hydra
 10183 | Lair:3   | Reached skill level 10 in Maces & Flails
 11008 | Lair:4   | Reached skill level 9 in Invocations
 11351 | Lair:4   | Found a staircase to the Snake Pit.
 11414 | Lair:4   | Reached skill level 9 in Dodging
 11615 | Lair:4   | Reached skill level 11 in Fighting
 11628 | Lair:4   | Reached skill level 10 in Invocations
 12275 | Lair:5   | Reached XP level 13. HP: 68/127 MP: 14/14
 12407 | Lair:5   | Found a dark tunnel.
 12415 | Volcano  | Entered a volcano
 12609 | Volcano  | Reached ****** piety under Makhleb
 12684 | Volcano  | Found a burning altar of Makhleb.
 12707 | Volcano  | Reached skill level 11 in Maces & Flails
 12798 | Volcano  | Reached skill level 9 in Armour
 13000 | Lair:4   | Reached skill level 1 in Evocations
 13154 | Lair:4   | Reached skill level 2 in Evocations
 13227 | Lair:5   | Found a staircase to the Slime Pits.
 13504 | Lair:4   | Reached skill level 3 in Evocations
 13731 | Lair:5   | Gained mutation: You occasionally shout uncontrollably at your foes. [a shining eye]
 13742 | Lair:5   | Gained mutation: You are dopey. (Int -2) [a shining eye]
 13788 | Lair:6   | Entered Level 6 of the Lair of Beasts
 13867 | Lair:6   | Reached skill level 4 in Evocations
 14135 | Lair:6   | Reached skill level 12 in Fighting
 14171 | Lair:6   | Reached skill level 10 in Armour
 14230 | Lair:6   | Noticed Frank's ghost (journeyman OpFi)
 14313 | Lair:6   | Killed Frank's ghost
 14313 | Lair:6   | Reached skill level 5 in Evocations
 15140 | Lair:6   | Noticed a dire elephant
 15173 | Lair:6   | Killed a dire elephant
 15173 | Lair:6   | Reached skill level 12 in Maces & Flails
 15173 | Lair:6   | Gained mutation: You resist negative energy. (rN+) [Deep Dwarf growth]
 15173 | Lair:6   | Reached XP level 14. HP: 93/138 MP: 13/13
 15220 | Lair:6   | Reached skill level 6 in Evocations
 16236 | D:11     | Got a faintly glowing buckler
 16275 | D:11     | Identified the +0 buckler of Rugyrian {rPois MR+ Str+2} (You found it on level 11 of the Dungeon)
 16400 | D:11     | Found a blossoming altar of Fedhas.
 16577 | D:12     | Found a burning altar of Makhleb.
 16888 | D:12     | Reached skill level 10 in Dodging
 17061 | D:12     | Found a staircase to the Orcish Mines.
 17492 | D:12     | Reached skill level 7 in Evocations
 17547 | D:12     | Reached skill level 11 in Armour
 17678 | Orc:1    | Entered Level 1 of the Orcish Mines
 17956 | Orc:2    | Entered Level 2 of the Orcish Mines
 17956 | Orc:2    | Found a staircase to the Elven Halls.
 18035 | Orc:2    | Noticed boiii's ghost (journeyman MiBe)
 18327 | Orc:2    | Killed boiii's ghost
 18452 | Orc:2    | Found a roughly hewn altar of Beogh.
 18453 | Orc:2    | Found Qeuwn's Weapon Shop.
 18825 | Orc:1    | Found a roughly hewn altar of Beogh.
 18950 | Orc:2    | Found a bloodstained altar of Trog.
 19088 | Orc:2    | Found a roughly hewn altar of Beogh.
 19091 | Orc:2    | Found Neygofoj's Assorted Antiques.
 19329 | Orc:2    | Found a roughly hewn altar of Beogh.
 19446 | Orc:2    | Noticed an orc warlord
 19488 | Orc:2    | Killed an orc warlord
 19488 | Orc:2    | Reached skill level 8 in Evocations
 19598 | Orc:2    | Found Tyge's Antique Armour Boutique.
 19598 | Orc:2    | Found a roughly hewn altar of Beogh.
 19601 | Orc:2    | Found Noimmysaocs's Antique Weapon Shop.
 19613 | Orc:2    | Bought a runed cloak for 240 gold pieces
 19800 | Orc:2    | Found a roughly hewn altar of Beogh.
 19832 | Orc:2    | Found a roughly hewn altar of Beogh.
 19946 | Orc:2    | Found a roughly hewn altar of Beogh.
 20026 | Orc:2    | Lost mutation: You occasionally shout uncontrollably at your foes. [potion of mutation]
 20026 | Orc:2    | Lost mutation: You are dopey. (Int -2) [potion of mutation]
 20026 | Orc:2    | Gained mutation: You occasionally shout uncontrollably at your foes. [potion of mutation]
 20026 | Orc:2    | Gained mutation: You are occasionally teleported next to monsters. [potion of mutation]
 20026 | Orc:2    | Gained mutation: Your system is resistant to poisons. (rPois) [potion of mutation]
 20026 | Orc:2    | Gained mutation: You possess an exceptional clarity of mind. [potion of mutation]
 20029 | Orc:2    | Lost mutation: You are occasionally teleported next to monsters. [potion of mutation]
 20029 | Orc:2    | Lost mutation: You possess an exceptional clarity of mind. [potion of mutation]
 20029 | Orc:2    | Lost mutation: You occasionally shout uncontrollably at your foes. [potion of mutation]
 20029 | Orc:2    | Gained mutation: You are partially covered in iridescent scales. (AC +2) [potion of mutation]
 20029 | Orc:2    | Gained mutation: You are agile. (Dex +2) [potion of mutation]
 20825 | Shoals:1 | Entered Level 1 of the Shoals
 20896 | Lair:4   | Reached skill level 13 in Fighting
 20930 | Snake:1  | Entered Level 1 of the Snake Pit
 21009 | Lair:4   | Reached XP level 15. HP: 107/147 MP: 0/10
 21040 | Lair:4   | Reached skill level 13 in Maces & Flails
 21212 | Snake:1  | Reached skill level 11 in Dodging
 21448 | Snake:1  | Noticed Roxanne
 21493 | Snake:1  | Killed Roxanne
 21493 | Snake:1  | Reached skill level 11 in Invocations
 21494 | Snake:1  | Identified Roxanne's Incunabulum of Stones (You took it off Roxanne on level 1 of the Snake Pit)
 21925 | Snake:1  | Reached skill level 12 in Armour
 22866 | Snake:2  | Found Azoarrid's Book Boutique.
 22947 | Snake:2  | Noticed a nagaraja
 22973 | Snake:2  | Killed a nagaraja
 23216 | Snake:1  | HP: 11/148 [naga warrior/scimitar of electrocution (19)]
 23446 | Snake:2  | Noticed a nagaraja
 23455 | Snake:2  | Killed a nagaraja
 23695 | Snake:2  | Reached skill level 12 in Dodging
 23724 | Snake:2  | Reached skill level 12 in Invocations
 23973 | Shoals:1 | Reached XP level 16. HP: 148/158 MP: 11/11
 24641 | Shoals:1 | Reached skill level 13 in Armour
 24999 | Shoals:2 | Reached skill level 14 in Maces & Flails
 25112 | Shoals:2 | Reached skill level 14 in Fighting
 25229 | Shoals:2 | Found Nosaw's Weapon Boutique.
 25782 | Shoals:3 | Found Qougum's Armour Emporium.
 25803 | Shoals:2 | Reached skill level 13 in Invocations
 25905 | Shoals:3 | Bought a +1 pair of boots of running for 766 gold pieces
 26399 | Shoals:3 | Reached skill level 13 in Dodging
 27835 | Snake:3  | Found Urirraju's Antique Armour Boutique.
 28249 | Snake:3  | Reached XP level 17. HP: 151/168 MP: 12/12
 28262 | Snake:4  | Entered Level 4 of the Snake Pit
 28353 | Snake:4  | Reached skill level 14 in Invocations
 28372 | Snake:4  | Reached skill level 14 in Armour
 28924 | Snake:4  | Reached skill level 14 in Dodging
 29523 | Snake:4  | Found Ilepn's Weapon Shoppe.
 29605 | Snake:4  | Noticed geeseburger's ghost (journeyman GrFi)
 29636 | Snake:4  | Killed geeseburger's ghost
 29989 | Snake:4  | Reached skill level 15 in Fighting
 30236 | Snake:4  | Reached skill level 15 in Invocations
 30848 | Snake:4  | Reached skill level 15 in Armour
 30873 | Snake:4  | Got a serpentine rune of Zot
 31318 | Shoals:4 | Entered Level 4 of the Shoals
 31416 | Shoals:4 | Gained mutation: You passively map a large area around you. [Deep Dwarf growth]
 31416 | Shoals:4 | Reached XP level 18. HP: 178/178 MP: 13/13
 31482 | Shoals:4 | Noticed Ilsuiw
 31853 | Shoals:4 | Got a barnacled rune of Zot
 31939 | Shoals:4 | Reached skill level 15 in Dodging
 33450 | D:13     | Reached skill level 16 in Invocations
 33480 | D:13     | Found a gate to the Vaults.
 33543 | Vaults:1 | Entered Level 1 of the Vaults
 33770 | Vaults:1 | Reached skill level 15 in Maces & Flails
 34572 | Vaults:1 | Reached XP level 19. HP: 188/188 MP: 12/12
 34844 | Vaults:1 | Reached skill level 16 in Armour
 35239 | Vaults:2 | Reached skill level 16 in Fighting
 35929 | Vaults:2 | Reached skill level 16 in Dodging
 35996 | Vaults:2 | Reached skill level 17 in Invocations
 37181 | Vaults:3 | Found Xisyjire's Gadget Shoppe.
 37556 | Vaults:3 | Reached skill level 16 in Maces & Flails
 37935 | Vaults:3 | Found a staircase to the Crypt.
 38352 | Vaults:4 | Reached XP level 20. HP: 193/199 MP: 13/13
 38957 | Vaults:4 | Reached skill level 17 in Armour
 39181 | Vaults:4 | Noticed Saint Roka
 39247 | Vaults:4 | Reached skill level 18 in Invocations
 39277 | Vaults:4 | Killed Saint Roka
 39670 | Vaults:5 | Entered Level 5 of the Vaults
 39749 | Vaults:4 | Reached skill level 17 in Dodging
 40235 | Vaults:4 | Reached skill level 17 in Fighting
 40277 | Vaults:5 | Gained mutation: Your body sometimes deteriorates upon taking damage. [a neqoxec]
 40281 | Vaults:5 | HP: 12/201 [yaktaur captain (26)]
 40281 | Vaults:5 | Slain by a tengu reaver

Vanquished Creatures
  A titan (Vaults:2)
  2 sphinxes (Vaults:4)
  A shadow dragon (Vaults:4)
  6 nagarajas
  Roxanne (Snake:1)
  A tengu reaver (Vaults:4)
  10 vault wardens
  An orc warlord (Orc:2)
  2 war gargoyles (Vaults:4)
  A vampire knight (Vaults:3)
  7 ironheart preservers
  2 very ugly things (Vaults:4)
  6 stone giants
  2 entropy weavers (Vaults:2)
  The ghost of geeseburger the Bludgeoner, a journeyman GrFi of Okawaru (Snake:4)
  A deep elf demonologist (Vaults:4)
  3 dire elephants (Lair:6)
  2 deep elf annihilators (Vaults:5)
  The ghost of Frank the Blocker, a journeyman OpFi of Gozag (Lair:6)
  The ghost of boiii the Carver, a journeyman MiBe of Trog (Orc:2)
  9 merfolk javelineers
  A deep elf death mage (Vaults:4)
  2 ettins
  A fire dragon (Vaults:3)
  13 yaktaur captains
  5 ogre magi
  Josephine (D:10)
  6 merfolk impalers
  6 hydras
  32 vault guards
  2 ice dragons
  21 naga warriors
  A great orb of eyes (Vaults:2)
  6 centaur warriors
  15 anacondas
  2 merfolk aquamancers
  15 two-headed ogres
  2 death knights
  A dancing weapon (Vaults:4)
  3 merfolk avatars
  5 satyrs
  3 death yaks (Lair:4)
  2 deep troll earth magi
  11 shock serpents
  Urug (Lair:2)
  21 naga sharpshooters
  4 deep elf knights
  A sun demon (Volcano)
  A storm dragon zombie (Vaults:4)
  3 shadow wraiths
  7 salamander mystics
  10 sea snakes
  A skeletal warrior (Vaults:1)
  A wizard (Vaults:1)
  2 unseen horrors (Vaults:1)
  8 deep trolls
  8 naga ritualists
  2 phantasmal warriors
  5 deep elf archers
  22 harpies
  4 lindwurms (Snake:4)
  16 ironbrand convokers
  3 necromancers
  17 orc knights
  12 mana vipers
  7 wolf spiders
  16 ugly things
  4 orc sorcerers
  9 manticores
  A human zombie (Vaults:2)
  A shining eye (Lair:5)
  6 cyclopes
  10 deep elf magi
  24 fauns
  A tengu skeleton (Vaults:4)
  6 salamanders
  10 guardian serpents
  14 elephants
  8 merfolk sirens
  4 water nymphs
  23 naga magi
  45 black mambas
  A gargoyle (D:11)
  6 vault sentinels
  2 molten gargoyles (Volcano)
  5 spiny frogs
  3 rime drakes
  2 komodo dragons (shapeshifter)
  11 komodo dragons
  5 freezing wraiths
  40 yaktaurs
  A tengu conjurer (D:13)
  29 merfolk
  2 red devils (Volcano)
  A meliai (shapeshifter) (Vaults:4)
  3 meliai (Lair:4)
  2 hornets
  A queen bee (Lair:4)
  6 trolls
  3 wind drakes
  13 slime creatures
  A fire giant simulacrum (Vaults:3)
  26 blink frogs
  7 hippogriffs
  3 snapping turtles
  5 wyverns
  7 wraiths
  29 yaks
  3 vampires (Vaults:3)
  5 water elementals
  A human (D:13)
  A basilisk (shapeshifter) (D:11)
  A fire bat (Volcano)
  5 basilisks
  3 hungry ghosts (D:12)
  6 vampire mosquitoes (D:12)
  2 wargs (Orc:1)
  Menkaure (D:6)
  2 acid dragons (D:12)
  A two-headed ogre zombie (D:12)
  6 porcupines
  12 water moccasins
  A water moccasin (shapeshifter) (Vaults:3)
  48 nagas
  2 hell hounds (Volcano)
  2 ice beasts
  6 sky beasts
  3 phantoms
  45 orc warriors
  A black bear (shapeshifter) (Vaults:2)
  3 hornet zombies (Ossuary)
  2 black bears
  13 ogres
  An eye of draining (D:9)
  A necrophage (D:10)
  An eye of draining (shapeshifter) (Vaults:3)
  5 wolves (Lair:4)
  2 human skeletons (Vaults:2)
  21 centaurs
  22 crocodiles
  3 big kobolds
  13 bullfrogs
  A wyvern zombie (D:12)
  A water moccasin zombie (Ossuary)
  4 scorpions
  47 killer bees
  2 troll zombies (D:12)
  6 wights
  8 howler monkeys
  4 crimson imps
  6 lava snakes (Volcano)
  3 centaur zombies
  9 hounds
  2 yaktaur simulacra (Vaults:1)
  3 bullfrog zombies
  2 bullfrog skeletons
  3 jellies
  3 centaur skeletons
  26 orc priests
  Crazy Yiuf (D:6)
  6 iguanas
  Natasha (thrice) (D:2)
  25 orc wizards
  11 worker ants
  3 killer bee zombies
  5 ogre zombies (D:12)
  3 hound zombies
  A hound skeleton (D:5)
  13 mummies (Ossuary)
  A howler monkey skeleton (D:6)
  2 howler monkey zombies (Ossuary)
  4 worker ant zombies (Ossuary)
  6 gnolls
  10 adders
  2 shadow imps
  2 oozes (D:1)
  2 adder zombies (Ossuary)
  4 worms
  A dart slug (D:1)
  6 leopard geckos
  116 orcs
  5 giant cockroaches
  5 goblins
  5 hobgoblins
  10 jackals
  8 quokkas
  2 ball pythons
  7 bats
  5 frilled lizards
  A giant cockroach zombie (D:6)
  2 goblin skeletons (D:12)
  5 goblin zombies (D:12)
  3 hobgoblin skeletons (D:12)
  2 hobgoblin zombies (D:12)
  19 kobolds
  An orc skeleton (D:12)
  12 orc zombies (D:12)
  2 quokka skeletons
  A quokka zombie (Ossuary)
  11 rats
  7 plants
1483 creatures vanquished.

Vanquished Creatures (collateral kills)
  Saint Roka (Vaults:4)
  A storm dragon (Vaults:5)
  A vault warden (Vaults:5)
  A frost giant (Vaults:4)
  An ironheart preserver (Vaults:2)
  2 dire elephants (Lair:6)
  A vault guard (Vaults:4)
  An ogre mage (D:13)
  An anaconda (Snake:3)
  A merfolk aquamancer (Shoals:1)
  2 naga ritualists (Snake:1)
  A flayed ghost (Vaults:4)
  2 ironbrand convokers (Vaults:2)
  3 mana vipers (Snake:1)
  2 cyclopes (Vaults:2)
  A frost giant zombie (Vaults:4)
  An elephant (Lair:5)
  A wolf spider (Vaults:2)
  A stone giant skeleton (Vaults:2)
  A guardian serpent (Snake:3)
  4 black mambas (Snake:1)
  3 naga magi
  A fire giant skeleton (Vaults:4)
  A komodo dragon (Lair:2)
  2 yaktaurs
  3 merfolk (Shoals:1)
  An ettin zombie (Vaults:4)
  A redback (Vaults:2)
  A water elemental (Shoals:1)
  A human (shapeshifter) (Vaults:2)
  7 nagas
  4 orc warriors
  An ogre (Vaults:2)
  A centaur (Vaults:2)
  2 orc priests (Orc:2)
  An orc wizard (Orc:2)
  3 orcs (Orc:2)
63 creatures vanquished.

Vanquished Creatures (others)
  An ice dragon (Vaults:2)
  A sea snake (Shoals:4)
  A wizard (Vaults:2)
  A necromancer (Vaults:2)
  A naga mage (Snake:2)
  A guardian serpent (Snake:1)
  A centaur (Vaults:2)
  8 fungi
  33 plants
48 creatures vanquished.

Grand Total: 1594 creatures vanquished
